 Dungeon Crawl Stone Soup version 0.32-a0-485-g70f7560b1c (webtiles) character file.

Game seed: 10401265690492680944

395 javelincjr the Ruffian (level 6, -13/61 HPs)
             Began as a Troll Gladiator on Feb 26, 2024.
             Was a Follower of Beogh.
             Killed from afar by Dowan (16 damage)
             ... with a shard of ice
             ... on level 5 of the Dungeon.
             The game lasted 00:13:33 (3326 turns).

javelincjr the Ruffian (Troll Gladiator)            Turns: 3326, Time: 00:13:33

Health: -13/61     AC:  9    Str: 22 (24) XL:     6   Next: 52%
Magic:  5/5        EV: 10    Int:  5 (8)  God:    Beogh [*.....]
Gold:   206        SH:  0    Dex:  7 (10) Spells: 4/5 levels left

rFire   + . .        o - +4 quarterstaff (chaos)
rCold   + . .        (shield currently unavailable)
rNeg    . . .        a - +0 robe
rPois   +            b - +0 hat
rElec   +            i - +0 cloak
rCorr   +            (gloves unavailable)
SInv    .            (boots unavailable)
Will    .....        y - amulet of magic regeneration
Stlth   +            x - +4 ring of protection
HPRegen 1.10/turn    (no ring)
MPRegen 0.49/turn

%: no passive effects
@: brilliant, resistant, attractive
A: large, unfitting armour, claws 3, regeneration 1, shaggy fur 1, tough skin 1,
clever 1, inability to drink after injury 1
a: Renounce Religion


You were on level 5 of the Dungeon.
You worshipped Beogh.
Beogh was aware of your devotion.
You visited 1 branch of the dungeon, and saw 5 of its levels.

You collected 206 gold pieces.

Inventory:

Hand Weapons
 n - a +0 hammer of distortion
 o - a +4 quarterstaff of chaos (weapon)
 t - a +0 sling
Missiles
 c - 3 throwing nets
 B - 6 poisoned darts
Armour
 a - a +0 robe (worn)
 b - a +0 hat (worn)
 i - a +0 cloak (worn)
Jewellery
 x - a +4 ring of protection (left claw)
 y - an amulet of magic regeneration (around neck)
Scrolls
 g - 4 scrolls of identify {unknown}
 h - 2 scrolls of enchant armour {unknown}
 j - a scroll of revelation {unknown}
 m - a scroll of brand weapon {unknown}
 p - 2 scrolls of teleportation {unknown}
 r - a scroll of fog {unknown}
 u - a scroll of fear {unknown}
 v - a scroll of noise {unknown}
Potions
 l - a potion of mutation
 q - a potion of curing
 A - a potion of enlightenment {unknown}


   Skills:
 * Level 3.2 Fighting
 + Level 2.9 Throwing
 + Level 1.7 Armour
 + Level 3.1 Dodging
 * Level 4.6 Unarmed Combat
 + Level 0.6 Invocations


You had 4 spell levels left.
You knew the following spells:

 Your Spells              Type           Power      Damage    Failure   Level
a - Foxfire               Conj/Fire      0%         2x1d4     47%         1

Your spell library contained the following spells:

 Spells                   Type           Power      Damage    Failure   Level
 Slow                     Hex            0%         N/A       47%         1
 Confusing Touch          Hex            0%         N/A       85%         3
 Sigil of Binding         Hex            0%         N/A       85%         3
 Vampiric Draining        Necr           0%         2d6       85%         3
 Plasma Beam              Fire/Air       0%         2x1d10    100%        6
 Starburst                Conj/Fire      0%         6d3       100%        6


Dungeon Overview and Level Annotations

Branches:
Dungeon (5/15)
 Temple: D:4-7

Altars:
Ashenzari
Elyvilon
Makhleb
Xom

Shops:
D:2 :   D:4 :

Annotations:
D:5 Dowan


Innate Abilities, Weirdness & Mutations

You are too large for most types of armour.
You have claws for hands.
Your natural rate of healing is unusually fast.
You are covered in fur. (AC +1)
You have tough skin. (AC +1)
Your mind is acute. (Int +4, Str/Dex -1)
You occasionally lose the ability to drink potions when taking damage.


Message History

You are confused.
You feel invigorated. The hound closely misses you.
The phantom hits you but does no damage.
The jelly hits you but does no damage. The hound barely misses you.
The white imp hits you but does no damage.
The gnoll barely misses you.
You closely miss the phantom.
The phantom is moderately damaged.
The hound barely misses you.
The phantom hits you but does no damage.
Dowan gestures at you while chanting. The stone arrow hits you.
* * * LOW HITPOINT WARNING * * *
The jelly jiggles.
The jelly misses you. The white imp hits you.
* * * LOW HITPOINT WARNING * * *
The white imp freezes you. You resist.
* * * LOW HITPOINT WARNING * * *
The hound bites you but does no damage. The phantom hits you.
* * * LOW HITPOINT WARNING * * *
You sock the jelly!
The jelly seems to slow down.
Your claws burn!
* * * LOW HITPOINT WARNING * * *
The jelly is severely wounded.
You feel less invigorated.
You feel less confused. Dowan hits you but does no damage.
The hound bites you but does no damage.
The gnoll hits you from afar with a +2 heavy spear!
* * * LOW HITPOINT WARNING * * *
The white imp gestures at you. The puff of frost hits you. You resist.
* * * LOW HITPOINT WARNING * * *
Dowan hits you but does no damage. The jelly hits you but does no damage.
The phantom hits you but does no damage.
The hound closely misses you.
You thump the jelly! You burn the jelly.
You kill the jelly!
Beogh accepts your kill. Dowan casts a spell at you. The shard of ice hits you!
You partially resist.
You die...

..§.. ####### .....
..^... ......
##....## ...(J.
#......
......###.....#
........#..e..#
......e.#...@.# ##+
......§.#.g5hW#..?.
...........Sc......
##......#......#..
#.............# #.#
#........####.# .
#...♣♣<..<...♣.♣
..P. ♣♣♣.P.Pe.♣♣
♣♣P ♣PP).♣P♣.?..


You could see a phantom, Dowan (fast), a centaur, a hound, a gnoll, an adder and
a white imp.

Vanquished Creatures
  An ogre (D:4)
  A phantom (D:4)
  Crazy Yiuf (D:2)
  A jelly (D:5)
  A sleepcap (D:4)
  A gnoll (D:5)
  A river rat (D:5)
  4 adders
  4 dart slugs
  2 orcs (D:3)
  5 bats
  5 endoplasms
  7 giant cockroaches
  9 goblins
  13 hobgoblins
  7 kobolds
  4 quokkas
  6 ball pythons
  2 frilled lizards
  3 rats
78 creatures vanquished.

Vanquished Creatures (collateral kills)
  A gnoll (D:5)
1 creature vanquished.

Vanquished Creatures (others)
  Duvessa (D:5)
  A foxfire (D:3)
2 creatures vanquished.

Grand Total: 81 creatures vanquished

Notes
Turn   | Place    | Note
-------+----------+-------------------------------------------
     0 | D:1      | javelincjr the Troll Gladiator began the quest for the Orb.
     0 | D:1      | Reached XP level 1. HP: 19/19 MP: 0/0
   144 | D:1      | Reached XP level 2. HP: 28/28 MP: 1/1
   171 | D:1      | Found a faded altar of an unknown god.
   420 | D:1      | Reached XP level 3. HP: 33/35 MP: 2/2
   902 | D:2      | Found Xyateney's Book Boutique.
  1160 | D:2      | Found a runed translucent door.
  1161 | D:2      | Noticed Crazy Yiuf
  1170 | D:2      | Killed Crazy Yiuf
  1171 | D:2      | Reached skill level 1 in Armour
  1171 | D:2      | Reached XP level 4. HP: 7/44 MP: 3/3
  1343 | D:3      | Found a white marble altar of Elyvilon.
  1634 | D:3      | Learned a level 1 spell: Foxfire
  1721 | D:3      | Found a burning altar of Makhleb.
  1772 | D:3      | Became a worshipper of Beogh the Shepherd
  1984 | D:3      | You fall into a shaft and drop 1 floor!
  2050 | D:3      | Reached XP level 5. HP: 50/50 MP: 4/4
  2351 | D:3      | Reached skill level 4 in Unarmed Combat
  2715 | D:4      | Found Qawiecw's Vocational Training.
  2716 | D:4      | Noticed a phantom
  2726 | D:4      | Killed a phantom
  2755 | D:4      | Found a broken altar of Ashenzari.
  2878 | D:4      | Noticed an ogre
  2890 | D:4      | Killed an ogre
  2891 | D:4      | Reached XP level 6. HP: 38/61 MP: 5/5
  3295 | D:5      | Entered Level 5 of the Dungeon
  3300 | D:5      | Found a shimmering altar of Xom.
  3300 | D:5      | Noticed Dowan
  3301 | D:5      | Noticed Duvessa
  3310 | D:5      | Reached * piety under Beogh
  3312 | D:5      | Killed Duvessa
  3316 | D:5      | Gained mutation: Your mind is acute. (Int +4, Str/Dex -1)
                  | [potion of mutation]
  3316 | D:5      | Gained mutation: You occasionally lose the ability to drink
                  | potions when taking damage. [potion of mutation]
  3325 | D:5      | HP: 3/61 [gnoll/+2 heavy spear (12)]
  3326 | D:5      | Killed from afar by Dowan

Illustrated notes

Levels and vault maps discovered:
D:1:      beargit_arrival_diablo_church, layout_basic,
          ebering_ecumenical_altar_box
D:2:      layout_loops_ring, serial_shops, nicolae_shop_gibbet_a_chance,
          uniq_crazy_yiuf_cottage
D:3:      cheibrodos_pilgrimage, layout_loops_corners, elyvilon_altar_1,
          bloody_makhleb, minmay_splitting_lines
D:4:      layout_basic, mainiacjoe_overflow_concentric_impassable,
          nicolae_shop_vocational
D:5:      wad_woods_stonehenge, layout_basic, nicolae_overflow_crystal_walls,
          lightli_ossuary_entry_decrepit_ruins, uniq_duvessa

Skill      XL: |  1  2  3  4  5 |
---------------+----------------+-----
Throwing       | 2 |  2.9
Fighting       | 2 3 |  3.2
Armour         | 1 |  1.7
Unarmed Combat | 4 |  4.6
Dodging        | 3 |  3.1
Invocations    | |  0.6

Action                     |  1- 3 |  4- 6 || total
---------------------------+-------+-------++-------
  Melee: Unarmed           |   108 |       ||   108
         Punch             |     3 |       ||     3
         Quarterstaff      |       |   279 ||   279
  Throw: Large rock        |       |     2 ||     2
   Cast: Foxfire           |       |     1 ||     1
 Invoke: Convert to Beogh  |       |     1 ||     1
    Use: Potion            |       |     8 ||     8
   Stab: Sleeping          |     3 |     2 ||     5
 Armour: Robe              |    61 |   106 ||   167
  Dodge: Dodged            |    44 |    66 ||   110

Table legend: (Time is in decaauts)
 A = Elapsed time spent in this place.
 B = Non-inter-level travel time spent in this place.
 C = Inter-level travel time spent in this place.
 D = Time resting spent in this place.
 E = Time spent auto-exploring this place.
 F = Levels seen in this place.
 G = Mean time per level.
                   A        B        C        D        E       F      G
               +--------+--------+--------+--------+--------+-----+--------+
         Total |   3410 |   3233 |    177 |      0 |   2357 |   5 |  682.0 |
       Dungeon |   3410 |   3233 |    177 |      0 |   2357 |   5 |  682.0 |
               +--------+--------+--------+--------+--------+-----+--------+

Top non-repeatable levels by time:
     D:3: 1298 daAuts
     D:4: 749 daAuts
     D:2: 679 daAuts
     D:1: 649 daAuts
     D:5: 34 daAuts
